 Dungeon Crawl Stone Soup version 0.19.0-18-g426998a (webtiles) character file.

174 Exaltedone87 the Chopper (level 5, -1/49 HPs)
             Began as a Deep Dwarf Fighter on Nov 11, 2016.
             Killed from afar by an orc wizard (7 damage)
             ... with a magic dart
             ... on level 3 of the Dungeon.
             The game lasted 00:04:08 (1820 turns).

Exaltedone87 the Chopper (Deep Dwarf Fighter)       Turns: 1820, Time: 00:04:09

Health: -1/49      AC:  9    Str: 21    XL:     5   Next: 28%
Magic:  5/5        EV:  6    Int:  8    God:
Gold:   191        SH:  9    Dex: 12    Spells: 0 memorised, 4 levels left

rFire  . . .     SeeInvis .     a - +0 war axe
rCold  . . .     Gourm    .     f - +0 chain mail (curse)
rNeg   . . .     Faith    .     c - +0 shield
rPois  .         Spirit   .     (no helmet)
rElec  .         Reflect  .     (no cloak)
rCorr  .         Harm     .     (no gloves)
MR     .....                    (no boots)
Stlth  ..........               (no amulet)
                                (no ring)
                                (no ring)

@: non-regenerating
A: damage resistance, recharge devices, sense surroundings 1, slow regeneration
3
a: Device Recharging


You were on level 3 of the Dungeon.
You were not hungry.

You visited 1 branch of the dungeon, and saw 3 of its levels.

You collected 191 gold pieces.

Inventory:

Hand Weapons
 a - a +0 war axe (weapon)
Missiles
 p - 4 javelins (quivered)
Armour
 b - a +1 scale mail
 c - a +0 shield (worn)
 f - a cursed +0 chain mail (worn)
Wands
 e - a wand of heal wounds (2/9)
Scrolls
 g - a scroll of magic mapping {unknown}
 h - 2 scrolls of enchant armour
Potions
 d - 2 potions of might
 k - a potion of agility {unknown}
 l - a potion of degeneration {unknown}
 m - 2 potions of flight {unknown}
 n - a potion of resistance {unknown}
 q - 2 potions of invisibility
 r - a potion of lignification {unknown}
Comestibles
 i - a bread ration
 j - a meat ration
 o - a beef jerky


   Skills:
 + Level 3.1 Fighting
 * Level 4.4 Axes
 + Level 3.8 Armour
 + Level 1.5 Dodging
 + Level 4.0 Shields


You had 4 spell levels left.
You didn't know any spells.

Dungeon Overview and Level Annotations

Branches:
Dungeon (3/15)

Altars:
Sif Muna


Innate Abilities, Weirdness & Mutations

You are resistant to damage.
You can recharge devices by infusing magical energy.
You passively map a small area around you.
You do not regenerate.


Message History

The puff of flame hits you!
* * * LOW HITPOINT WARNING * * *
The orc wizard gestures at you while chanting.
You easily resist.
You closely miss the orc wizard.
The orc wizard gestures at you while chanting.
The magic dart hits you!
You miss the orc wizard.
The orc wizard hits you but does no damage.
You closely miss the orc wizard.
The orc wizard hits you but does no damage.
You block the orc wizard's attack.
You hit the orc wizard but do no damage.
The orc wizard gestures at you while chanting.
The magic dart hits you!
* * * LOW HITPOINT WARNING * * *
You closely miss the orc wizard.
The orc wizard gestures at you while chanting.
The magic dart hits you!
You die...

, * * , ** * * ** * , *,, *
* ################### ####
,, #.................# #..#
,
####...............####..#
,#.#.....o@.)........#.#.##
,,,
#.).......⌠....)))((#.#.. *
#.#)...............†#.#.##
*, *
##...............####..# ,
, #.................# #..#
* ########################
, , #......... * ,
#......... ,, * ,
#.........


You could see an orc wizard.

Vanquished Creatures
  An orc priest (D:3)
  An orc wizard (D:3)
  4 adders (D:2)
  4 worms
  2 dart slugs (D:2)
  A leopard gecko (D:2)
  3 orcs (D:3)
  5 giant cockroaches
  12 goblins
  8 hobgoblins
  A jackal (D:2)
  3 bats
  3 frilled lizards (D:1)
  8 kobolds
  7 rats
63 creatures vanquished.

Notes
Turn   | Place    | Note
-------+----------+-------------------------------------------
     0 | D:1      | Exaltedone87 the Deep Dwarf Fighter began the quest for the Orb.
     0 | D:1      | Reached XP level 1. HP: 20/20 MP: 1/1
   170 | D:1      | Reached XP level 2. HP: 25/27 MP: 2/2
   804 | D:2      | Reached XP level 3. HP: 28/33 MP: 3/3
  1259 | D:2      | Reached XP level 4. HP: 27/42 MP: 4/4
  1334 | D:2      | Found a deep blue altar of Sif Muna.
  1730 | D:3      | Reached skill level 1 in Dodging
  1760 | D:3      | Reached XP level 5. HP: 24/49 MP: 5/5
  1820 | D:3      | Killed from afar by an orc wizard

Skill      XL: |  1  2  3  4 |
---------------+-------------+-----
Fighting       | 3 |  3.1
Axes           | 3 4 |  4.4
Dodging        | 1 |  1.5
Shields        | 4 |  4.0
Armour         | |  3.8

Action                   |  1- 3 |  4- 6 || total
-------------------------+-------+-------++-------
Melee: War axe           |   148 |   107 ||   255
Throw: Javelin           |     2 |       ||     2
Evoke: Wand              |       |     3 ||     3
  Use: Scroll            |     5 |       ||     5
  Eat: Bread ration      |     1 |       ||     1
       Pizza             |     1 |       ||     1
Armor: Scale mail        |    42 |       ||    42
       Chain mail        |    25 |    66 ||    91
Dodge: Dodged            |    42 |    13 ||    55
Block: Shield            |    83 |    49 ||   132
